AoeStats
← Lord_Wilfredo

Arabia

504903738Analyzed
1v1 RM · 25d ago on Sep 7, 2026· 28m 13s· 2 players
Game mode
Random Map
Map size
Tiny (2 player)
Population
200
Speed
Normal
Resources
Standard
Victory
Conquest
Starting age
Dark Age
Ending age
Imperial Age
RankedLock teamsTeams togetherTeam positionsShared explorationLock speedFull tech treeHidden civsTurbo modeCheats
Victory
Defeat
🇦🇷 Mongols · Argentina
1238
+17
🇲🇽 Magyars · Mexico
1265
-17
Lord_Wilfredo
7:59 Loom
9:45 Feudal Age
11:10 Double-Bit Axe
17:29 Fletching
17:56 Town Watch
23:01 Castle Age
22:16 Forging
23:17 Bloodlines
23:14 Scale Barding Armor
23:03 Crossbowman
24:30 Wheelbarrow
23:54 Bodkin Arrow
27:45 Padded Archer Armor
Combi | Asius
5:23 Loom
8:32 Feudal Age
11:24 Horse Collar
14:10 Double-Bit Axe
23:10 Castle Age
21:59 Gold Mining
22:01 Fletching
24:59 Bodkin Arrow
27:13 Wheelbarrow
Connection lost

Rejoining the realm…

Still unreachable

The connection could not be restored.

Session expired

The server has moved on; the page needs a fresh start.